AoeStats
← 叱咤月海鱼鱼猫

Lombardia

508639644Analyzed
4v4 RM · 7d ago on Sep 23, 2026· 48m 7s· 8 players
Game mode
Random Map
Map size
Large (8 player)
Population
200
Speed
Normal
Resources
Standard
Victory
Conquest
Starting age
Dark Age
Ending age
Imperial Age
RankedLock teamsTeams togetherTeam positionsShared explorationLock speedFull tech treeHidden civsTurbo modeCheats
Victory
Defeat
🇨🇳 Georgians · China
982
+13
🇨🇳 Huns · China
978
+14
🇺🇸 Huns · United States
956
+14
🇹🇼 Franks · Taiwan
869
+18
🇦🇷 Maya · Argentina
1014
-18
🇨🇳 Hindustanis · China
915
-15
🇨🇳 Romans · China
880
-25
🇹🇼 Burgundians · Taiwan
880
-13
TaiwanIsChina's
3:56 Loom
10:58 Feudal Age
11:38 Double-Bit Axe
14:11 Horse Collar
19:23 Castle Age
17:59 Gold Mining
19:48 Bloodlines
20:00 Scale Barding Armor
20:23 Bow Saw
23:02 Wheelbarrow
26:09 Husbandry
25:58 Town Watch
26:56 Heavy Plow
28:59 Caravan
32:45 Imperial Age
31:15 Hand Cart
31:30 Hand Cart
31:41 Grand Trunk Road
32:02 Town Patrol
33:05 Chain Barding Armor
34:36 Two-Man Saw
33:03 Heavy Camel Rider
34:47 Gold Shaft Mining
35:33 Chemistry
34:45 Fortified Wall
34:50 Imperial Camel Rider
38:36 Plate Barding Armor
39:02 Forging
41:46 Iron Casting
41:07 Stone Mining
41:51 Light Cavalry
46:19 Blast Furnace
45:21 Scale Mail Armor
44:53 Hussar
46:14 Conscription
46:30 Hoardings
45:24 Elite Ghulam
u9313317
0:30 Loom
8:15 Double-Bit Axe
12:19 Feudal Age
10:35 Horse Collar
16:46 Castle Age
15:28 Bow Saw
18:53 Two-Man Saw
18:53 Heavy Plow
21:05 Crop Rotation
21:15 Wheelbarrow
24:34 Pikeman
28:14 Hand Cart
27:45 Town Watch
31:31 Imperial Age
29:01 Town Patrol
29:57 Stone Mining
29:58 Gold Mining
30:02 Fletching
30:13 Padded Archer Armor
30:16 Scale Mail Armor
31:52 Forging
34:59 Iron Casting
34:19 Bodkin Arrow
35:31 Squires
35:17 Arson
36:41 Halberdier
37:38 Chain Mail Armor
38:24 Blast Furnace
38:55 Blast Furnace
41:20 Caravan
41:50 Coinage
42:48 Husbandry
42:17 Man-at-Arms
43:55 Banking
43:35 Guilds
44:01 Scale Barding Armor
43:57 Bracer
44:13 Leather Archer Armor
44:58 Light Cavalry
maya knight
0:58 Loom
11:43 Feudal Age
14:35 Horse Collar
15:03 Arson
20:11 Castle Age
19:35 Double-Bit Axe
20:03 Forging
21:30 Pikeman
22:11 Squires
25:51 Bow Saw
31:38 Heavy Plow
31:30 Gold Mining
31:37 Stone Mining
32:37 Iron Casting
36:57 Eagle Warrior
40:03 Fortified Wall
叱咤月海鱼鱼猫
15:52 Feudal Age
21:05 Wheelbarrow
21:32 Man-at-Arms
26:42 Double-Bit Axe
27:32 Horse Collar
32:08 Castle Age
32:43 Forging
32:33 Scale Mail Armor
34:43 Hand Cart
34:48 Gold Mining
37:48 Long Swordsman
Tulak Hord3920
0:31 Loom
12:30 Feudal Age
14:27 Double-Bit Axe
19:12 Horse Collar
23:44 Castle Age
24:20 Wheelbarrow
23:31 Town Watch
23:58 Pikeman
24:46 Gold Mining
25:18 Bow Saw
27:38 Heavy Plow
34:23 Imperial Age
35:14 Forging
35:05 Scale Mail Armor
34:57 Fletching
35:34 Hand Cart
35:55 Parthian Tactics
35:05 Halberdier
39:48 Heavy Cavalry Archer
46:58 Iron Casting
46:19 Bodkin Arrow
46:26 Padded Archer Armor
46:41 Chain Mail Armor
波波菜FV
1:55 Loom
12:19 Feudal Age
13:37 Double-Bit Axe
13:37 Horse Collar
16:37 Castle Age
14:53 Gold Mining
17:42 Bow Saw
17:48 Heavy Plow
18:59 Stone Mining
29:11 Imperial Age
27:23 Wheelbarrow
27:36 Gold Shaft Mining
28:34 Forging
28:30 Scale Barding Armor
28:16 Town Watch
28:50 Hand Cart
30:13 Iron Casting
30:52 Two-Man Saw
29:14 Cavalier
29:54 Husbandry
30:05 Bloodlines
30:41 Chain Barding Armor
30:23 Paladin
32:32 Blast Furnace
31:35 Scale Mail Armor
34:08 Plate Barding Armor
34:03 Scale Mail Armor
34:26 Pikeman
35:07 Squires
34:53 Arson
36:25 Chain Mail Armor
36:11 Padded Archer Armor
36:01 Fletching
36:21 Halberdier
36:23 Light Cavalry
37:37 Coinage
37:08 Caravan
37:19 Guilds
38:58 Bodkin Arrow
39:18 Leather Archer Armor
38:29 Hussar
39:52 Banking
39:50 Bracer
39:38 Elite Skirmisher
41:15 Thumb Ring
42:57 Conscription
42:58 Atheism
45:04 Ballistics
44:41 Murder Holes
45:47 Chemistry
MAIGOD
1:55 Loom
11:09 Feudal Age
13:59 Double-Bit Axe
14:00 Horse Collar
16:13 Wheelbarrow
15:38 Gold Mining
15:41 Stone Mining
19:06 Castle Age
20:26 Heavy Plow
20:40 Bow Saw
26:47 Hand Cart
31:27 Imperial Age
29:21 Scale Barding Armor
29:27 Forging
30:30 Town Watch
31:16 Husbandry
31:27 Bloodlines
31:42 Chain Barding Armor
31:58 Iron Casting
32:34 Conscription
32:26 Aznauri Cavalry
33:14 Crop Rotation
33:27 Stone Shaft Mining
34:07 Plate Barding Armor
35:41 Blast Furnace
34:46 Elite Monaspa
40:51 Caravan
43:37 Capped Ram
44:56 Siege Ram
verna7019
3:31 Loom
12:58 Feudal Age
17:16 Castle Age
21:15 Fervor
29:55 Wheelbarrow
29:13 Double-Bit Axe
34:22 Imperial Age
31:54 Gold Mining
32:44 Stone Mining
32:55 Pikeman
33:59 Bow Saw
34:06 Man-at-Arms
37:47 Chemistry
37:08 Ballistics
36:19 Long Swordsman
38:09 Conscription
37:16 Two-Handed Swordsman
38:03 Squires
37:49 Gambesons
44:51 Elite Throwing Axeman
46:53 Forging
46:45 Scale Mail Armor
46:50 Scale Barding Armor
48:14 Arson
47:53 Champion
Connection lost

Rejoining the realm…

Still unreachable

The connection could not be restored.

Session expired

The server has moved on; the page needs a fresh start.